AoeStats
← redmoyes

Arena

510585161Analyzed
2v2 RM · 13h ago on Oct 1, 2026· 51m 22s· 4 players
Game mode
Random Map
Map size
Medium (4 player)
Population
200
Speed
Normal
Resources
Standard
Victory
Conquest
Starting age
Dark Age
Ending age
Imperial Age
RankedLock teamsTeams togetherTeam positionsShared explorationLock speedFull tech treeHidden civsTurbo modeCheats
Victory
Defeat
🇳🇱 Saracens · Netherlands
908
+15
🇳🇱 Bengalis · Netherlands
892
+16
🇹🇷 Romans · Türkiye
924
-17
🇹🇷 Khmer · Türkiye
862
-14
redmoyes
11:23 Feudal Age
15:20 Castle Age
13:45 Double-Bit Axe
15:15 Horse Collar
16:17 Wheelbarrow
24:34 Bow Saw
26:23 Ballistas
27:57 Hand Cart
27:28 Town Watch
31:08 Imperial Age
30:20 Heavy Plow
31:43 Ballistics
32:55 Chemistry
32:01 Siege Engineers
31:21 Heavy Scorpion
32:57 Conscription
32:43 Stone Mining
32:44 Gold Mining
34:43 Murder Holes
35:25 Scale Mail Armor
35:36 Forging
36:07 Man-at-Arms
36:48 Squires
37:17 Long Swordsman
38:18 Chain Mail Armor
38:38 Iron Casting
37:55 Fletching
37:59 Town Watch
39:11 Loom
40:22 Comitatenses
40:47 Gold Shaft Mining
40:21 Town Patrol
40:39 Bodkin Arrow
41:45 Blast Furnace
43:07 Legionary
sercanelustu
11:47 Feudal Age
12:57 Loom
17:12 Castle Age
16:16 Horse Collar
16:26 Double-Bit Axe
21:58 Heavy Plow
24:06 Gold Mining
32:13 Imperial Age
30:30 Forging
30:21 Scale Mail Armor
32:10 Wheelbarrow
33:08 Gold Shaft Mining
32:24 Stone Mining
33:13 Heated Shot
34:06 Bow Saw
34:18 Husbandry
34:31 Bloodlines
34:51 Heavy Plow
35:16 Hand Cart
35:42 Elite Ballista Elephant
38:06 Cavalier
38:06 Light Cavalry
39:42 Stone Shaft Mining
41:13 Double Crossbow
43:02 Tusk Swords
43:25 Siege Engineers
43:26 Hussar
PD
7:32 Loom
10:13 Feudal Age
12:28 Double-Bit Axe
12:26 Horse Collar
14:33 Wheelbarrow
17:51 Castle Age
18:37 Scale Barding Armor
18:43 Forging
19:12 Hand Cart
18:58 Gold Mining
20:07 Bow Saw
22:42 Chain Barding Armor
24:13 Padded Archer Armor
24:03 Fletching
30:49 Iron Casting
32:24 Leather Archer Armor
32:05 Bodkin Arrow
35:19 Imperial Age
33:10 Scale Mail Armor
34:13 Gold Shaft Mining
35:59 Ballistics
38:23 Chemistry
38:10 Murder Holes
38:27 Fortified Wall
38:04 Arrowslits
39:08 Town Watch
41:13 Two-Man Saw
40:25 Caravan
40:55 Coinage
41:29 Elite Elephant Archer
43:05 Heated Shot
43:26 Masonry
43:59 Ring Archer Armor
43:30 Bracer
44:08 Plate Barding Armor
43:01 Elite Skirmisher
44:08 Heavy Plow
44:41 Conscription
44:34 Paiks
49:13 Two-Man Saw
48:10 Onager
50:07 Pikeman
50:48 Squires
Eppo
11:25 Feudal Age
15:20 Castle Age
13:11 Double-Bit Axe
13:11 Horse Collar
17:13 Wheelbarrow
17:24 Bow Saw
22:01 Heavy Plow
23:07 Loom
23:26 Gold Mining
23:27 Stone Mining
23:55 Hand Cart
25:47 Gold Shaft Mining
29:46 Imperial Age
27:54 Scale Barding Armor
28:00 Forging
27:51 Town Watch
28:58 Chain Barding Armor
31:19 Conscription
32:26 Two-Man Saw
32:52 Plate Barding Armor
32:53 Iron Casting
33:32 Town Patrol
33:22 Elite Mameluke
34:16 Counterweights
36:16 Blast Furnace
38:01 Light Cavalry
38:54 Bloodlines
38:45 Husbandry
38:06 Light Cavalry
39:49 Hussar
42:32 Chemistry
41:43 Masonry
Connection lost

Rejoining the realm…

Still unreachable

The connection could not be restored.

Session expired

The server has moved on; the page needs a fresh start.